 Dungeon Sprint DCSS version 0.21.2 (webtiles) character file.

11846 Fang the Severer (level 11, -2/124 HPs)
             Began as a Gargoyle Berserker on Sept 25, 2018.
             Was the Champion of Trog.
             Slain by Yvvo the pandemonium lord (37 damage)
             ... in the Dungeon (Sprint VII: "The Pits").
             The game lasted 00:10:27 (2818 turns).

Fang the Severer (Gargoyle Berserker)               Turns: 2818, Time: 00:10:27

Health: -2/124     AC: 21    Str: 29    XL:     11   Next: 84%
Magic:  0/3        EV: 15    Int: 11    God:    Trog [******]
Gold:   16         SH:  0    Dex:  9    Spells: 10/10 levels left

rFire    . . .     SeeInvis .   u - +9 battleaxe (antimagic)
rCold    . . .     Gourm    .   (shield currently unavailable)
rNeg     + . .     Faith    .   n - +3 ring mail
rPois    ∞         Spirit   .   (no helmet)
rElec    +         Reflect  .   (no cloak)
rCorr    .         Harm     .   (no gloves)
MR       .....     NoTele   +   (no boots)
Stlth    ..........             (no amulet)
HPRegen  0.30/turn              p - +3 ring of protection
MPRegen  0.08/turn              q - +3 ring of intelligence

@: berserking, very quick
A: negative energy resistance 1, electricity resistance, unbreathing,
petrification resistance, rot immunity, AC +8
a: Berserk, Trog's Hand, Brothers in Arms, Burn Spellbooks, Renounce Religion


You were in the Dungeon.
You worshipped Trog.
Trog was exalted by your worship.
You were very hungry.

You visited 1 branch You collected 16 gold pieces.

Inventory:

Hand Weapons
 b - a +4 executioner's axe of chopping
 j - a +2 hand axe
 s - a +1 broad axe of freezing
 u - a +9 antimagic battleaxe (weapon)
 z - a +6 battleaxe of venom
Missiles
 t - 8 silver tomahawks (quivered)
Armour
 n - a +3 ring mail (worn)
Jewellery
 p - a +3 ring of protection (left hand)
 q - a +3 ring of intelligence (right hand)
 w - an uncursed ring of protection from cold
Wands
 y - a wand of iceblast (4)
Scrolls
 i - 4 scrolls of blinking
 k - 5 scrolls of remove curse
 l - a scroll of summoning
 m - 2 scrolls of identify
 v - 3 scrolls of enchant armour
Potions
 a - 4 potions of invisibility
 d - 9 potions of curing
 e - 16 potions of heal wounds
 f - 4 potions of haste
 g - 4 potions of magic
 h - 4 potions of berserk rage
 o - a potion of brilliance
 r - a potion of agility
 x - a potion of might
Comestibles
 c - 10 rations
 A - 2 chunks of flesh


   Skills:
 + Level 16.0 Fighting
 + Level 18.2 Axes
 + Level 9.2 Armour
 + Level 9.2 Dodging
 + Level 4.6 Stealth


You had 10 spell levels left.
You didn't know any spells.

Dungeon Overview and Level Annotations

Branches:
Dungeon (1/1)

Altars:
Cheibriados
Dithmenos
Elyvilon
Fedhas
Gozag
Hepliaklqana
Makhleb
Nemelex Xobeh
Okawaru
Qazlal
Ru
Sif Muna
Trog
Vehumet
Wu Jian
Xom
Yredelemnul
Zin
The Shining One
Beogh
Jiyva
Lugonu


Innate Abilities, Weirdness & Mutations

You are resistant to torment.
Your stone body is resilient. (AC +8)
You are immune to poison.
You resist negative energy. (rN+)
You are resistant to electric shocks. (rElec)
You can survive without breathing.
You are immune to petrification.
You are immune to rotting.


Message History

No target in view!
You see here an elephant corpse.
You butcher the elephant corpse.
A - 2 chunks of flesh You open the large door.
Yvvo comes into view.
Yvvo moans, "Surrender, thou tasty snackling!"
Yvvo hits you!!
You feel your power leaking away. Yvvo hits you!
There is a large open door to the Hallway of Sentries (Extremely Hard) here.
A red film seems to cover your vision as you go berserk!
You feel yourself moving faster!
You feel mighty!
You are feeling very hungry.
Yvvo hits you! x2
* * * LOW HITPOINT WARNING * * *
You closely miss Yvvo. Yvvo closely misses you.
You hit Yvvo but do no damage. Yvvo misses you.
You closely miss Yvvo. Yvvo hits you!!!
You die...

#+# #.# #&#
################@#
.................#
....†............#
+##############..#
#..# #..# #..#
#..# #..#


You could see Yvvo.

Vanquished Creatures
  A great orb of eyes (D)
  An alligator snapping turtle (D)
  A sea snake (D)
  A spriggan druid (D)
  A lindwurm (D)
  A swamp dragon (D)
  2 orc knights (D)
  A deep elf mage (D)
  An elephant (D)
  A gargoyle (D)
  A kobold demonologist (D)
  An ice devil (D)
  2 guardian mummies (D)
  A wandering mushroom (D)
  2 jumping spiders (D)
  2 polar bears (D)
  A bog body (D)
  A tyrant leech (D)
  A flying skull (D)
  3 redbacks (D)
  A neqoxec (D)
  3 soldier ants (D)
  A warg (D)
  2 water moccasins (D)
  A porcupine (D)
  A floating eye (D)
  2 orc warriors (D)
  A sky beast (D)
  2 wolves (D)
  5 killer bees (D)
  A crimson imp (D)
  A jelly (D)
  2 orc priests (D)
  An iguana (D)
  An orc wizard (D)
  A small abomination (D)
  A mummy (D)
  A river rat (D)
  A white imp (D)
  An ooze (D)
  2 worms (D)
  5 orcs (D)
  A bat zombie (D)
  A giant cockroach (D)
  A goblin (D)
  2 hobgoblins (D)
  2 kobolds (D)
  A ball python (D)
  A frilled lizard (D)
  A rat (D)
73 creatures vanquished.

Vanquished Creatures (collateral kills)
  A vampire knight (D)
  An orc knight (D)
  A cyclops (D)
  A yaktaur (D)
  A rime drake (D)
  2 guardian mummies (D)
  A freezing wraith (D)
  A komodo dragon (D)
  A red devil (D)
  3 orc warriors (D)
  A gnoll sergeant (D)
  A crimson imp (D)
  A mummy (D)
  4 gnolls (D)
  A river rat (D)
  2 orcs (D)
  3 jackals (D)
26 creatures vanquished.

Grand Total: 99 creatures vanquished

Notes
Turn   | Place    | Note
-------+----------+-------------------------------------------
     0 | D        | Fang the Gargoyle Berserker began the quest for the Orb.
     0 | D        | Reached XP level 1. HP: 14/14 MP: 1/1
    13 | D        | Noticed a floating eye
    16 | D        | Paralysed by a floating eye for 3 turns
    21 | D        | Killed a floating eye
    21 | D        | Reached skill level 5 in Axes
    21 | D        | Reached XP level 2. HP: 23/23 MP: 2/2
    21 | D        | Reached XP level 3. HP: 28/28 MP: 3/3
    21 | D        | Reached XP level 4. HP: 32/32 MP: 4/4
    28 | D        | Found a bloodstained altar of Trog.
    28 | D        | Found a deep blue altar of Sif Muna.
    28 | D        | Found a viscous altar of Jiyva.
    28 | D        | Found a hazy altar of Hepliaklqana.
    28 | D        | Found an opulent altar of Gozag.
    29 | D        | Found a glowing golden altar of the Shining One.
    29 | D        | Found a glowing silver altar of Zin.
    29 | D        | Found a basalt altar of Yredelemnul.
    29 | D        | Found a shimmering altar of Xom.
    29 | D        | Found an ornate altar of the Wu Jian Council.
    29 | D        | Found a sacrificial altar of Ru.
    29 | D        | Found a stormy altar of Qazlal.
    29 | D        | Found an iron altar of Okawaru.
    29 | D        | Found a sparkling altar of Nemelex Xobeh.
    29 | D        | Found a burning altar of Makhleb.
    29 | D        | Found a blossoming altar of Fedhas.
    29 | D        | Found a white marble altar of Elyvilon.
    29 | D        | Found a shadowy altar of Dithmenos.
    29 | D        | Found a snail-covered altar of Cheibriados.
    31 | D        | Found a radiant altar of Vehumet.
    31 | D        | Found a corrupted altar of Lugonu.
    31 | D        | Found a roughly hewn altar of Beogh.
    75 | D        | Reached ** piety under Trog
   135 | D        | Reached *** piety under Trog
   136 | D        | Reached skill level 6 in Axes
   136 | D        | Reached XP level 5. HP: 8/38 MP: 5/5
   481 | D        | Noticed a porcupine
   481 | D        | Noticed a wolf
   482 | D        | Noticed a water moccasin
   490 | D        | Killed a porcupine
   490 | D        | Reached skill level 7 in Axes
   490 | D        | Reached XP level 6. HP: 45/45 MP: 6/6
   493 | D        | Received a gift from Trog
   493 | D        | Reached skill level 8 in Axes
   493 | D        | Reached skill level 5 in Armour
   496 | D        | Killed a water moccasin
   496 | D        | Reached **** piety under Trog
   496 | D        | Reached skill level 9 in Axes
   496 | D        | Reached XP level 7. HP: 52/52 MP: 7/7
   499 | D        | Reached skill level 10 in Fighting
   598 | D        | Reached ***** piety under Trog
   623 | D        | Noticed a guardian mummy
   633 | D        | Killed a guardian mummy
   633 | D        | Reached skill level 10 in Axes
   633 | D        | Reached skill level 1 in Stealth
   807 | D        | Received a gift from Trog
   872 | D        | Noticed a great orb of eyes
   882 | D        | Killed a great orb of eyes
   882 | D        | Reached skill level 11 in Axes
   882 | D        | Reached skill level 5 in Dodging
   882 | D        | Reached XP level 8. HP: 60/60 MP: 2/8
  1003 | D        | Noticed a swamp dragon
  1013 | D        | Received a gift from Trog
  1013 | D        | Reached skill level 12 in Axes
  1013 | D        | Reached XP level 9. HP: 66/66 MP: 3/9
  1020 | D        | Killed a swamp dragon
  1060 | D        | Noticed a gargoyle
  1060 | D        | Noticed a guardian mummy
  1062 | D        | Killed a gargoyle
  1062 | D        | Reached skill level 13 in Axes
  1071 | D        | Killed a guardian mummy
  1267 | D        | Noticed a lindwurm
  1271 | D        | Reached ****** piety under Trog
  1278 | D        | Killed a lindwurm
  1278 | D        | Reached skill level 14 in Axes
  1278 | D        | Reached XP level 10. HP: 46/73 MP: 3/10
  1410 | D        | Noticed a cyclops
  1414 | D        | Noticed a sea snake
  1415 | D        | Received a gift from Trog
  1417 | D        | Killed a cyclops
  1422 | D        | Killed a sea snake
  1692 | D        | Reached skill level 15 in Axes
  1734 | D        | Noticed an orc knight
  1738 | D        | Killed an orc knight
  1741 | D        | Received a gift from Trog
  1890 | D        | Noticed an alligator snapping turtle
  1900 | D        | Killed an alligator snapping turtle
  1900 | D        | Received a gift from Trog
  1901 | D        | Reached skill level 16 in Axes
  1957 | D        | Noticed a vampire knight
  1963 | D        | Killed a vampire knight
  1963 | D        | Reached XP level 11. HP: 72/80 MP: 3/11
  1987 | D        | Received a gift from Trog
  1999 | D        | Received a gift from Trog
  2240 | D        | Noticed a deep elf mage
  2240 | D        | Reached skill level 15 in Fighting
  2245 | D        | Killed a deep elf mage
  2253 | D        | Noticed an orc knight
  2262 | D        | Killed an orc knight
  2262 | D        | Received a gift from Trog
  2262 | D        | Reached skill level 17 in Axes
  2266 | D        | Noticed an orc knight
  2284 | D        | Killed an orc knight
  2468 | D        | Noticed a spriggan druid
  2479 | D        | Killed a spriggan druid
  2479 | D        | Received a gift from Trog
  2736 | D        | Received a gift from Trog
  2736 | D        | Reached skill level 18 in Axes
  2813 | D        | Noticed Yvvo the pandemonium lord
  2818 | D        | Slain by Yvvo the pandemonium lord

Skill      XL: |  1  2  3  4  5  6  7  8  9 10 11 |
---------------+----------------------------------+-----
Fighting       | 6 7 8 9 12 13 14 16 | 16.0
Axes           | 5 6 7 9 11 12 14 16 18 | 18.2
Armour         | 3 4 5 7 8 9 |  9.2
Dodging        | 2 3 4 5 7 8 9 |  9.2
Stealth        | 1 2 3 4 |  4.6

Action                   |  1- 3 |  4- 6 |  7- 9 | 10-12 || total
-------------------------+-------+-------+-------+-------++-------
Melee: Hand axe          |     5 |    26 |    41 |       ||    72
       Battleaxe         |       |       |    38 |    80 ||   118
       Executioner's axe |       |       |    20 |    24 ||    44
Invok: Berserk           |       |     2 |     4 |     6 ||    12
       Brothers in Arms  |       |       |       |     5 ||     5
  Use: Scroll            |       |       |       |     5 ||     5
 Stab: Distracted        |       |       |       |     1 ||     1
  Eat: Chunk             |       |       |     5 |    10 ||    15
       Ration            |       |       |     1 |       ||     1
Armor: Animal skin       |       |     7 |       |       ||     7
       Ring mail         |       |     1 |    41 |    50 ||    92
Dodge: Dodged            |       |    16 |    73 |    80 ||   169
